 Dungeon Crawl Stone Soup version 0.29.1-12-g30fa7ad0bf (webtiles) character file.

Game seed: 5930924392065405970

9 xian the Sneak (level 2, -1/17 HPs)
             Began as an Octopode Enchanter on Dec 22, 2022.
             Slain by a kobold
             ... wielding a +0 dagger
              (3 damage)
             ... on level 1 of the Dungeon.
             The game lasted 00:00:55 (314 turns).

xian the Sneak (Octopode Enchanter)                  Turns: 314, Time: 00:00:55

Health: -1/17      AC:  1    Str:  7    XL:     2   Next: 12%
Magic:  5/5        EV: 13    Int: 17    God:
Gold:   2          SH:  0    Dex: 12    Spells: 5/5 levels left

rFire   . . .      SeeInvis .   a - +1 dagger
rCold   . . .      Faith    .   (no shield)
rNeg    . . .      Spirit   .   (helmet restricted)
rPois   .          Reflect  .   (no amulet)
rElec   .          Harm     .   (no ring)
rCorr   .          Rampage  .   (no ring)
Will    .....                   (no ring)
Stlth   ++++......              (no ring)
HPRegen 0.05/turn               (no ring)
MPRegen 0.09/turn               (no ring)
                                (no ring)
                                (no ring)

@: no status effects
A: almost no armour, amphibious, 8 rings, camouflage 1, gelatinous body 1,
(nimble swimmer 1), tentacles
a: no special abilities


You were on level 1 of the Dungeon.
You visited 1 branch of the dungeon, and saw 1 of its levels.

You collected 2 gold pieces.

Inventory:

Hand Weapons
 a - a +1 dagger (weapon)
Scrolls
 f - a scroll of enchant armour {unknown}
 h - 2 scrolls of identify {unknown}
Potions
 b - 2 potions of invisibility
 c - a potion of magic {unknown}
 d - 2 potions of brilliance {unknown}
 e - a potion of resistance {unknown}
 g - a potion of mutation {unknown}


   Skills:
 + Level 1.0 Short Blades
 + Level 2.0 Dodging
 + Level 4.5 Stealth
 + Level 2.0 Spellcasting
 + Level 3.1 Hexes


You had 5 spell levels left.
You didn't know any spells.
Your spell library contained the following spells:

 Spells                   Type           Power      Damage    Failure   Level
 Ensorcelled Hibernation  Hex/Ice        14%        N/A       16%         2
 Confusing Touch          Hex            12%        N/A       16%         3
 Tukima's Dance           Hex            12%        N/A       16%         3
 Dazzling Flash           Conj/Hex       14%        N/A       30%         3


Dungeon Overview and Level Annotations

Branches:
Dungeon (1/15)

Altars:

Shops:
D:1 **


Innate Abilities, Weirdness & Mutations

You cannot wear most types of armour.
You are amphibious.
You can wear up to eight rings at the same time.
Your skin changes colour to match your surroundings (Stealth+).
Your rubbery body absorbs attacks. (AC +1, EV +1)
((You are camouflaged when in or above water. (Stealth+)))
You have tentacles for arms and can constrict up to eight enemies at once.


Message History

A goblin comes into view. It is wielding a +0 club.
The goblin shouts!
You hear an angry hiss.
A ball python comes into view.
A kobold comes into view. It is wielding a +0 dagger.
The goblin shouts!
You hit the goblin. You grab the goblin.
The goblin is severely wounded.
You constrict the goblin.
You kill the goblin!
The goblin hits you with a +0 club.
Things that are here:
a +0 dagger; a goblin corpse You closely miss the ball python.
Your grab misses the ball python. Your squeeze misses the ball python.
The ball python bites you but does no damage.
The ball python closely misses you. The goblin hits you but does no damage.
You hit the ball python. Your grab misses the ball python.
You squeeze the ball python.
You kill the ball python!
The goblin hits you with a +0 club.
You have reached level 2!
Unknown command.
You hit the goblin. Your grab misses the goblin.
The goblin is heavily wounded.
The goblin hits you with a +0 club. The kobold hits you with a +0 dagger.
* * * LOW HITPOINT WARNING * * *
Unknown command.
You hit the goblin.
You kill the goblin!
The kobold closely misses you.
Unknown command.
The kobold hits you with a +0 dagger.
* * * LOW HITPOINT WARNING * * *
Things that are here:
a +0 club; a +0 dagger; a goblin corpse You barely miss the kobold.
Your grab misses the kobold. You squeeze the kobold.
The kobold is severely wounded.
The kobold hits you with a +0 dagger.
You die...

..............#
..............#
..............
.............
#..........#
#..........#
#......K†..#
#..[...@...#
#..........######
#.....##+#.^....#
#........#.....
#......#
+........#....
#......#
#.......######
#......#######
#.......+
#.............
#.......#######
##......######
#.......##....#
.........########


You could see a kobold.

Vanquished Creatures
  A ball python (D:1)
  A giant cockroach (D:1)
  2 goblins (D:1)
  A bat (D:1)
  A frilled lizard (D:1)
  3 rats (D:1)
9 creatures vanquished.

Notes
Turn   | Place    | Note
-------+----------+-------------------------------------------
     0 | D:1      | xian the Octopode Enchanter began the quest for the Orb.
     0 | D:1      | Reached XP level 1. HP: 11/11 MP: 3/3
    60 | D:1      | Found Ecryrgh's Assorted Antiques.
   238 | D:1      | Found Sinu Qiwyud's General Store.
   311 | D:1      | Reached XP level 2. HP: 12/17 MP: 5/5
   314 | D:1      | Slain by a kobold

Illustrated notes

Levels and vault maps discovered:
D:1:      dpeg_arrival_tiny_f, layout_basic, serial_shops,
          nicolae_shop_competitors_out_of_business, shop

Action                   || total
-------------------------++-------
Melee: Dagger            ||    16
       Tentacles         ||     4
       Constrict         ||     2
 Stab: Sleeping          ||     4
Armor: Skin              ||     2
Dodge: Dodged            ||     6
